 Dungeon Sprint DCSS version 0.30-a0-1103-g25895a7845 (webtiles) character file.

Game seed: 13804359360079591158

290 sircluck the Cleaver (level 6, 0/99 HPs)
             Began as a Hill Orc Berserker on Apr 18, 2023.
             Was a Believer of Trog.
             Slain by a yak (3 damage)
             ... in the Dungeon (Sprint I: "Red Sonja").
             The game lasted 00:01:40 (337 turns).

sircluck the Cleaver (Hill Orc Berserker)            Turns: 337, Time: 00:01:40

Health: 0/99       AC:  6    Str: 22    XL:     6   Next: 32%
Magic:  6/6        EV: 12    Int:  7    God:    Trog [**....]
Gold:   297        SH:  0    Dex: 10    Spells: 5/5 levels left

rFire   . . .      SeeInvis .    a - +0 hand axe
rCold   . . .      Faith    .    (no shield)
rNeg    . . .      Spirit   .    j - +0 ring mail
rPois   .          Reflect  .    (no helmet)
rElec   .          Rampage  .    (no cloak)
rCorr   .          NoTele   +    (no gloves)
Will    .....                    (no boots) Stlth
                                 (no amulet)
HPRegen 0.36/turn                (no ring)
MPRegen 0.10/turn                (no ring)

@: berserking, very quick
A: no striking features
a: Renounce Religion, Berserk, Trog's Hand


You were in the Dungeon.
You worshipped Trog.
Trog was pleased with you.
You visited 1 branch You collected 297 gold pieces.

Inventory:

Hand Weapons
 a - a +0 hand axe (weapon)
Armour
 b - a +0 animal skin
 j - a +0 ring mail (worn)
Wands
 i - a wand of polymorph (13)
Scrolls
 h - a scroll of blinking
 k - a scroll of identify {unknown}
Potions
 c - 2 potions of curing
 e - a potion of haste
 f - 2 potions of magic
 g - a potion of berserk rage


   Skills:
 + Level 10.0 Fighting
 + Level 10.6 Axes
 + Level 5.2 Armour
 + Level 4.0 Dodging
 + Level 0.2 Stealth
 + Level 2.0 Unarmed Combat


You had 5 spell levels left.
You didn't know any spells.
Your spell library was empty.

Dungeon Overview and Level Annotations

Branches:
Dungeon (1/1)

Altars:
Cheibriados
Dithmenos
Elyvilon
Fedhas
Hepliaklqana
Kikubaaqudgha
Okawaru
Qazlal
Ru
Sif Muna
Trog
Uskayaw
Vehumet
Wu Jian
Yredelemnul
Zin
The Shining One

Shops:
D !


Message History

You hit the yak but do no damage.
The yak is moderately wounded.
The yak gores you!
You barely miss the yak.
The yak is moderately wounded.
You hit the yak but do no damage.
The yak is moderately wounded.
The yak barely misses you.
You barely miss the yak.
The yak is moderately wounded.
The yak gores you!
You barely miss the yak.
The yak is moderately wounded.
The yak gores you!
* * * LOW HITPOINT WARNING * * *
You fail to use your ability.
The yak gores you!
* * * LOW HITPOINT WARNING * * *
Aiming: Polymorph
Press: ? - help, Q - select action, (/) - cycle Shift-Dir - straight line, f - yak
Aim: a yak (moderately wounded, will become a water moccasin, a polar bear, or a wind drake, chance to affect: 49%)
Okay, then.
You feel much better. The yak gores you!
* * * LOW HITPOINT WARNING * * *
You hit the yak.
The yak is heavily wounded.
You barely miss the yak.
The yak is heavily wounded.
The yak gores you but does no damage.
A red film seems to cover your vision as you go berserk!
You feel yourself moving faster!
You feel mighty! The yak barely misses you.
You slash the yak!
The yak is severely wounded.
The yak gores you!
* * * LOW HITPOINT WARNING * * *
You barely miss the yak.
The yak is severely wounded.
You barely miss the yak.
The yak is severely wounded.
The yak gores you.
You die...

################
#<.#..)..#..'..#
#..)..#..').#..+
#..#####'#####'#
#..# #..#...#.#
#..#__####..##)#
#..#_____##'#_.+
#⌠⌠#_.∩...Y@.._#
####_..__##_.#+#
___ ##+# #


You could see a yak.

Vanquished Creatures
  Sigmund (D)
  An ogre (D)
  A jelly (D)
  Ijyb (D)
4 creatures vanquished.

Notes
Turn   | Place    | Note
-------+----------+-------------------------------------------
     0 | D        | sircluck the Hill Orc Berserker began the quest for the
                  | Orb.
     0 | D        | Reached XP level 1. HP: 19/19 MP: 1/1
     2 | D        | Noticed Ijyb
    28 | D        | Killed Ijyb
    29 | D        | Reached skill level 5 in Fighting
    29 | D        | Reached XP level 2. HP: 6/29 MP: 2/2
    29 | D        | Reached XP level 3. HP: 8/36 MP: 3/3
   155 | D        | Noticed an ogre
   161 | D        | Killed an ogre
   162 | D        | Reached skill level 1 in Unarmed Combat
   162 | D        | Reached XP level 4. HP: 47/47 MP: 4/4
   209 | D        | Noticed Sigmund
   216 | D        | Killed Sigmund
   216 | D        | Reached ** piety under Trog
   217 | D        | Reached skill level 10 in Axes
   217 | D        | Reached skill level 5 in Armour
   217 | D        | Reached XP level 5. HP: 58/58 MP: 5/5
   217 | D        | Reached XP level 6. HP: 66/66 MP: 6/6
   285 | D        | Found an ornate altar of the Wu Jian Council.
   285 | D        | Found a shimmering blue altar of Sif Muna.
   287 | D        | Found a radiant altar of Vehumet.
   295 | D        | Reached skill level 10 in Fighting
   321 | D        | Found Reijeig's Distillery.
   321 | D        | Found an ancient bone altar of Kikubaaqudgha.
   321 | D        | Found a hazy altar of Hepliaklqana.
   321 | D        | Found a stormy altar of Qazlal.
   321 | D        | Found a hide-covered altar of Uskayaw.
   321 | D        | Found a blossoming altar of Fedhas.
   321 | D        | Found a bloodstained altar of Trog.
   321 | D        | Found an iron altar of Okawaru.
   321 | D        | Found a basalt altar of Yredelemnul.
   321 | D        | Found a glowing golden altar of the Shining One.
   321 | D        | Found a snail-covered altar of Cheibriados.
   321 | D        | Found a sacrificial altar of Ru.
   321 | D        | Found a glowing silver altar of Zin.
   321 | D        | Found a shadowy altar of Dithmenos.
   321 | D        | Found a white marble altar of Elyvilon.
   321 | D        | Noticed a yak
   335 | D        | HP: 2/99 [yak (13)]
   337 | D        | Slain by a yak

Illustrated notes

Levels and vault maps discovered:
D:        dungeon_sprint_1 [red_sonja_temple_1, red_sonja_temple_small_1]

Skill      XL: |  1  2  3  4  5  6 |
---------------+-------------------+-----
Fighting       | 5 7 9 10 | 10.0
Axes           | 6 8 10 | 10.6
Armour         | 3 4 5 |  5.2
Dodging        | 2 3 4 |  4.0
Unarmed Combat | 1 2 |  2.0
Stealth        | |  0.2

Action                     |  1- 3 |  4- 6 || total
---------------------------+-------+-------++-------
  Melee: Unarmed           |     4 |       ||     4
         Hand axe          |     5 |    24 ||    29
         Punch             |       |     1 ||     1
 Invoke: Berserk           |     2 |     2 ||     4
    Use: Potion            |       |     1 ||     1
 Armour: Ring mail         |       |     4 ||     4
  Dodge: Dodged            |     9 |     6 ||    15

Table legend: (Time is in decaauts)
 A = Elapsed time spent in this place.
 B = Non-inter-level travel time spent in this place.
 C = Inter-level travel time spent in this place.
 D = Time resting spent in this place.
 E = Time spent auto-exploring this place.
 F = Levels seen in this place.
 G = Mean time per level.
                   A        B        C        D        E       F      G
               +--------+--------+--------+--------+--------+-----+--------+
         Total |    366 |    366 |      0 |    223 |      0 |   1 |  366.0 |
       Dungeon |    366 |    366 |      0 |    223 |      0 |   1 |  366.0 |
               +--------+--------+--------+--------+--------+-----+--------+

Top non-repeatable levels by time:
       D: 366 daAuts
